 Dungeon Crawl Stone Soup version 0.13.1-20-gf50ca03 (webtiles) character file.

151 Nicoed the Skirmisher (level 4, -4/43 HPs)
             Began as a Naga Fighter on Dec 30, 2013.
             Killed by divine providence
             ... invoked by an orc priest
              (14 damage)
             ... on Level 3 of the Dungeon.
             The game lasted 00:05:51 (1961 turns).

Nicoed the Skirmisher (Naga Fighter)                Turns: 1961, Time: 00:05:51

HP  -4/43        AC  5     Str 19      XL: 4   Next: 32%
MP   3/3         EV  6     Int 13      God:
Gold 75          SH 18     Dex 11      Spells:  0 memorised,  3 levels left

Res.Fire  : x . .   See Invis. : +   w - +0 hand axe
Res.Cold  : + + .   Warding    : .   g - +0 ring mail
Life Prot.: . . .   Conserve   : .   c - +0 shield
Res.Poison: +       Res.Corr.  : .   (no helmet)
Res.Elec. : .       Clarity    : .   m - +0 elf cloak
Sust.Abil.: . .     Spirit.Shd : .   (no gloves)
Res.Mut.  : .       Stasis     : .   (no barding)
Res.Rott. : .       Flight     : .   (no amulet)
Saprovore : . . .                    f - ring of protection from cold
                                     e - ring of ice

@: brilliant, very slow, slightly resistant to hostile enchantments, very
unstealthy
A: spit poison, see invisible, deformed body, poison resistance, slowness 2, AC
+1
a: Spit Poison


You were on level 3 of the Dungeon.
You were not hungry.

You visited 1 branch of the dungeon, and saw 3 of its levels.

You collected 55 gold pieces.

Inventory:

Hand weapons
 w - a +0,+0 hand axe (weapon)
Armour
 b - a +0 scale mail
 c - a +0 shield (worn)
 g - a +0 ring mail (worn)
 m - a +0 elven cloak (worn)
Magical devices
 o - a wand of confusion (0)
Comestibles
 d - a bread ration
Scrolls
 h - a scroll of teleportation {unknown}
 i - a scroll of recharging {unknown}
 n - 2 scrolls of remove curse {unknown}
 r - 3 scrolls of enchant weapon II {unknown}
 s - a scroll of identify {unknown}
 t - a scroll of curse weapon {unknown}
Jewellery
 e - a ring of ice (left hand)
 f - a ring of protection from cold (right hand)
 v - a +2 ring of dexterity {unknown}


   Skills:
 + Level 3.2 Fighting
 + Level 2.4 Axes
 + Level 2.9 Armour
 + Level 1.2 Dodging
 + Level 3.0 Shields


You had 3 spell levels left.
You didn't know any spells.

Dungeon Overview and Level Annotations

Branches:
Dungeon (3/27)

Altars:


Innate Abilities, Weirdness & Mutations

You cannot wear boots.
You can spit poison.
Your serpentine skin is tough (AC +1).
You have supernaturally acute eyesight.
Armour fits poorly on your strangely shaped body.
Your system is resistant to poisons.
You cover ground very slowly.


Message History

You are too injured to fight recklessly!
You are too injured to fight recklessly!
You are too injured to fight recklessly!
You are too injured to fight recklessly!
You are too injured to fight recklessly!
Unknown command.
You are too injured to fight recklessly!
You closely miss the kobold. You block the kobold's attack.
You hit the kobold.
You kill the kobold!
Things that are here:
a club; a kobold corpse
There is a stone staircase leading down here.
Things that are here:
a club; a kobold corpse You start resting.
An orc priest is nearby!
The orc priest mumbles some strange prayers to Beogh against you.
Something smites you!
You die...

#....#...### #...# ..# #
...#.#...# ##### # <.......##
........# ##### ##......#
#...#### ###.#### #......# ##
#....# ##### #......# #.
#....#####...#########...####.
#............@..)>...o........
######...#.....###..<....####)
#...##....# #.......# #.
######...## ####.(..# ## #)).#
###### #####


You could see an orc priest.

Vanquished Creatures
  Ijyb (D:2)
  An adder (D:2)
  A giant gecko (D:2)
  2 orcs (D:3)
  9 bats
  2 giant cockroaches (D:1)
  5 goblins
  5 hobgoblins
  5 jackals (D:1)
  3 giant newts (D:2)
  4 kobolds
  8 rats
46 creatures vanquished.

Notes
Turn   | Place    | Note
--------------------------------------------------------------
     0 | D:1      | Nicoed, the Naga Fighter, began the quest for the Orb.
     0 | D:1      | Reached XP level 1. HP: 21/21 MP: 0/0
   219 | D:1      | Reached XP level 2. HP: 18/28 MP: 1/1
   580 | D:1      | Reached XP level 3. HP: 27/36 MP: 2/2
  1263 | D:2      | Noticed Ijyb
  1318 | D:2      | Killed Ijyb
  1318 | D:2      | Reached skill level 1 in Dodging
  1318 | D:2      | Reached XP level 4. HP: 14/43 MP: 3/3
  1961 | D:3      | Killed from afar by an orc priest

Action                   |  1- 3 |  4- 6 || total
-------------------------+-------+-------++-------
Melee: Hand axe          |   150 |    36 ||   186
       Unarmed           |    49 |       ||    49
  Use: Potion            |       |     5 ||     5
       Scroll            |       |     1 ||     1
